 Dungeon Crawl Stone Soup version 0.22.0-27-ga576289 (webtiles) character file.

1980 Americanboy the Cleaver (level 9, -8/78 HPs)
             Began as a Minotaur Fighter on Aug 22, 2018.
             Mangled by an orc warrior
             ... wielding a +0 war axe
              (15 damage)
             ... on level 5 of the Dungeon.
             The game lasted 00:13:12 (4570 turns).

Americanboy the Cleaver (Minotaur Fighter)          Turns: 4570, Time: 00:13:12

Health: -8/78      AC:  8    Str: 23    XL:     9   Next: 1%
Magic:  8/8        EV:  9    Int:  5    God:
Gold:   48         SH: 13    Dex: 11    Spells: 8/8 levels left

rFire    + . .     SeeInvis .   a - +1 war axe
rCold    . . .     Gourm    .   c - +0 shield
rNeg     . . .     Faith    .   b - +0 scale mail
rPois    +         Spirit   .   (helmet restricted)
rElec    .         Reflect  +   s - +0 cloak
rCorr    .         Harm     .   (no gloves)
MR       .....                  (no boots)
Stlth    ..........             l - +3 amulet of reflection
HPRegen  0.23/turn              p - ring of protection from fire
MPRegen  0.11/turn              o - ring of poison resistance

@: no status effects
A: retaliatory headbutt, horns 2
a: no special abilities


You were on level 5 of the Dungeon.
You were not hungry.

You visited 1 branch of the dungeon, and saw 7 of its levels.

You collected 348 gold pieces.
You spent 300 gold pieces at shops.

Inventory:

Hand Weapons
 a - a +1 war axe (weapon)
Armour
 b - a +0 scale mail (worn)
 c - a +0 shield (worn)
 s - a +0 cloak (worn)
Jewellery
 l - a +3 amulet of reflection (around neck)
 o - a ring of poison resistance (right hand)
 p - a ring of protection from fire (left hand)
 q - an uncursed amulet of regeneration
 r - an uncursed ring of see invisible
 u - an uncursed ring of protection from fire
Scrolls
 g - 3 scrolls of remove curse
 j - a scroll of blinking
 m - 7 scrolls of teleportation
 t - a scroll of enchant weapon
Potions
 d - a potion of might
 e - 3 potions of brilliance
 f - 5 potions of invisibility
 h - a potion of haste
 i - a potion of heal wounds
 k - 4 potions of curing
 n - a potion of magic {unknown}
 v - a potion of lignification {unknown}
 x - a potion of flight {unknown}
 z - a potion of cancellation
Comestibles
 w - 2 rations


   Skills:
 * Level 6.8 Fighting
 * Level 10.0 Axes
 + Level 6.3 Armour
 + Level 2.4 Dodging
 + Level 0.3 Stealth
 + Level 6.6 Shields


You had 8 spell levels left.
You didn't know any spells.
Your spell library was empty.

Dungeon Overview and Level Annotations

Branches:
Dungeon (7/15)
 Temple: D:4-7

Altars:
Ashenzari
Gozag
Makhleb

Shops:
D:4 =


Innate Abilities, Weirdness & Mutations

You reflexively headbutt those who attack you in melee.
You have a pair of horns on your head.


Message History

The orc warrior is heavily wounded.
The orc warrior hits you with a war axe!!
You are too injured to fight recklessly!
You are too injured to fight recklessly!
You are too injured to fight recklessly!
You are too injured to fight recklessly!
You closely miss the orc warrior.
The orc warrior is heavily wounded.
The orc warrior barely misses you. You furiously retaliate!
You headbutt the orc warrior.
You hit the orc warrior but do no damage.
You headbutt the orc warrior, but do no damage.
The orc warrior is severely wounded.
The orc warrior hits you with a war axe!!
* * * LOW HITPOINT WARNING * * *
You hit the orc warrior but do no damage.
You headbutt the orc warrior, but do no damage.
The orc warrior is severely wounded.
The orc warrior hits you with a war axe!
You die...

..#############..#...#.....##)...
### #...............(...##....
#.###.##...##.########(...
#.###.##...##.# ###.#
#....###..#.############'# ####.#
#....#............. #.#
##.#.#.#####..).... ##### #.#
#o#.#.#####....... ....#
#.####@#.#.#........... ....#
#...##)#.#.#.###....... ....#
#)#.##.#.#.#.###....... '####
###.##.#............... .#
#########.##.#...#.####...... .#
#.........##.#...#........... .#
#.##########.###.#.######.... .#
#.# #.......# ###.# .# #.#
#.###.#.#### #.#


You could see an orc warrior.

Vanquished Creatures
  A hippogriff (D:7)
  A hungry ghost (D:7)
  Menkaure (D:5)
  A black bear (D:7)
  A sky beast (D:5)
  2 ogres
  A phantom (D:4)
  A bullfrog (D:7)
  A gnoll sergeant (D:5)
  A water moccasin skeleton (D:5)
  A howler monkey (D:6)
  2 crimson imps (D:5)
  2 hounds
  3 jellies
  An orc priest (D:6)
  Crazy Yiuf (D:3)
  A bullfrog skeleton (D:6)
  5 orc wizards
  7 worker ants
  A hound skeleton (D:4)
  A worker ant zombie (D:5)
  Robin (D:2)
  11 gnolls
  7 adders
  2 shadow imps
  6 worms
  2 dart slugs (D:1)
  4 leopard geckos
  10 orcs
  7 giant cockroaches
  15 goblins
  5 hobgoblins (D:2)
  2 jackals (D:3)
  3 ball pythons
  9 bats
  10 frilled lizards
  8 kobolds
  A leopard gecko skeleton (D:4)
  4 rats
143 creatures vanquished.

Vanquished Creatures (others)
  2 goblins (D:2)
2 creatures vanquished.

Grand Total: 145 creatures vanquished

Notes
Turn   | Place    | Note
-------+----------+-------------------------------------------
     0 | D:1      | Americanboy the Minotaur Fighter began the quest for the Orb.
     0 | D:1      | Reached XP level 1. HP: 19/19 MP: 0/0
   359 | D:1      | Reached XP level 2. HP: 27/27 MP: 1/1
   720 | D:2      | Noticed Robin
   725 | D:2      | Reached skill level 3 in Axes
   728 | D:2      | Killed Robin
   728 | D:2      | Reached XP level 3. HP: 29/33 MP: 2/2
   856 | D:2      | Reached XP level 4. HP: 19/41 MP: 3/3
  1065 | D:2      | Reached skill level 4 in Axes
  1166 | D:2      | Found an opulent altar of Gozag.
  1523 | D:3      | Reached XP level 5. HP: 47/47 MP: 4/4
  2001 | D:3      | Found a runed door.
  2005 | D:3      | Noticed Crazy Yiuf
  2012 | D:3      | Killed Crazy Yiuf
  2057 | D:4      | Reached skill level 5 in Armour
  2148 | D:4      | You fall through a shaft for 2 floors!
  2173 | D:6      | Reached skill level 5 in Axes
  2193 | D:7      | Noticed a hippogriff
  2200 | D:7      | Killed a hippogriff
  2200 | D:7      | Reached skill level 1 in Dodging
  2200 | D:7      | Reached skill level 5 in Shields
  2200 | D:7      | Reached XP level 6. HP: 22/55 MP: 5/5
  2407 | D:7      | Reached skill level 6 in Axes
  2425 | D:7      | Noticed a hungry ghost
  2434 | D:7      | Reached skill level 5 in Fighting
  2434 | D:7      | Reached XP level 7. HP: 19/61 MP: 6/6
  2446 | D:7      | Killed a hungry ghost
  2655 | D:7      | Reached skill level 7 in Axes
  2792 | D:5      | Entered Level 5 of the Dungeon
  2811 | D:5      | Reached XP level 8. HP: 59/70 MP: 7/7
  2994 | D:5      | Noticed Menkaure
  3004 | D:5      | Killed Menkaure
  3004 | D:5      | Reached skill level 8 in Axes
  3397 | D:5      | Reached skill level 9 in Axes
  3534 | D:4      | Found Cigaos's Jewellery Shoppe.
  3751 | D:4      | Found a shattered altar of Ashenzari.
  4036 | D:4      | Bought an uncursed amulet of regeneration for 300 gold pieces
  4146 | D:5      | Found a burning altar of Makhleb.
  4553 | D:6      | Reached skill level 10 in Axes
  4556 | D:6      | Reached XP level 9. HP: 65/78 MP: 8/8
  4570 | D:5      | Mangled by an orc warrior

Skill      XL: |  1  2  3  4  5  6  7  8 |
---------------+-------------------------+-----
Armour         | 4 5 6 |  6.3
Fighting       | 4 5 6 |  6.8
Axes           | 3 4 5 6 7 10 | 10.0
Shields        | 4 5 6 |  6.6
Dodging        | 1 2 |  2.4
Stealth        | |  0.3

Action                   |  1- 3 |  4- 6 |  7- 9 || total
-------------------------+-------+-------+-------++-------
Melee: War axe           |    77 |   142 |   198 ||   417
       Headbutt          |    14 |    24 |    40 ||    78
  Use: Scroll            |     4 |     3 |     8 ||    15
       Potion            |       |     2 |       ||     2
  Eat: Ration            |       |     3 |     2 ||     5
       Chunk             |       |       |     1 ||     1
Armor: Scale mail        |    29 |    64 |    47 ||   140
Dodge: Dodged            |    22 |    58 |    57 ||   137
Block: Shield            |    50 |   117 |   110 ||   277
       Reflection        |     3 |     1 |       ||     4
